 Dungeon Sprint DCSS version 0.30-a0-937-ga0a21ad780 (webtiles) character file.

Game seed: 6490768833153915876

18 testman the Shield-Bearer (level 2, -40/32 HPs)
             Began as a Troll Fighter on Mar 24, 2023.
             Was an Initiate of Qazlal.
             Killed from afar by a deep elf annihilator (54 damage)
             ... with an iron shot
             ... in the Dungeon (Sprint V: "Ziggurat Sprint").
             The game lasted 00:02:05 (101 turns).

testman the Shield-Bearer (Troll Fighter)            Turns: 101, Time: 00:02:05

Health: -40/32     AC: 19    Str: 35    XL:     2   Next: 51%
Magic:  3/3        EV: -2    Int:  4    God:    Qazlal [......]
Gold:   0          SH: 26    Dex:  9    Spells: 1/1 levels left

rFire   + . .      SeeInvis .      - Unarmed
rCold   + . .      Faith    .    C - +18 shield of the Gong {Loud rN+ Will+ rCorr EV-5}
rNeg    + . .      Spirit   .    j - +5 gold dragon scales
rPois   +          Reflect  .    (helmet restricted)
rElec   .          Rampage  .    (no cloak)
rCorr   +          NoTele   +    (gloves unavailable)
Will    +....                    (boots unavailable) Stlth
                                 (no amulet)
HPRegen 1.05/turn                z - +6 ring of strength
MPRegen 0.08/turn                A - +6 ring of strength

@: studying Armour
A: large, unfitting armour, claws 3, regeneration 1, shaggy fur 1, tough skin 1
a: Renounce Religion


You were in the Dungeon.
You worshipped Qazlal.
Qazlal was noncommittal.
You visited 1 branch

Inventory:

Armour
 a - a +0 robe
 b - a +0 kite shield
 j - +5 gold dragon scales (worn)
 C - the +18 shield of the Gong (worn) {Loud rN+ Will+ rCorr EV-5}
   (You found it in the Dungeon)

   Loud:      It is deafeningly noisy when blocking attacks.
   EV:        It affects your evasion (-5).
   rN:        It protects you from negative energy.
   rCorr:     It protects you from acid and corrosion.
   Will:      It increases your willpower.
Jewellery
 u - a ring of flight
 v - a +6 ring of dexterity
 w - a +6 ring of dexterity
 x - a +6 ring of intelligence
 y - a +6 ring of intelligence
 z - a +6 ring of strength (left claw)
 A - a +6 ring of strength (right claw)
Wands
 s - a wand of mindburst (7)
 t - a wand of acid (7)
Scrolls
 i - 4 scrolls of blinking
 o - 4 scrolls of amnesia
 p - 7 scrolls of fog
 q - 5 scrolls of identify
 r - 2 scrolls of fear
Potions
 c - 6 potions of might
 d - 10 potions of curing
 e - 10 potions of heal wounds
 f - 6 potions of haste
 g - 7 potions of magic
 h - 3 potions of berserk rage
 k - 2 potions of brilliance
 l - 2 potions of invisibility
 m - 4 potions of resistance
Miscellaneous
 B - a lightning rod (4/4)


   Skills:
 + Level 4.0 Fighting
 + Level 0.0 Armour
 + Level 2.5 Dodging
 + Level 4.4 Shields
 + Level 4.2 Unarmed Combat
 + Level 3.2 Invocations


You had one spell level left.
You didn't know any spells.
Your spell library was empty.

Dungeon Overview and Level Annotations

Branches:
Dungeon (1/1)

Altars:
Ashenzari
Cheibriados
Dithmenos
Elyvilon
Fedhas
Gozag
Hepliaklqana
Kikubaaqudgha
Makhleb
Nemelex Xobeh
Okawaru
Qazlal
Ru
Sif Muna
Trog
Uskayaw
Vehumet
Wu Jian
Xom
Yredelemnul
Zin
The Shining One
Jiyva
Lugonu

Annotations:
D 1 transporter


Innate Abilities, Weirdness & Mutations

You are too large for most types of armour.
You have claws for hands.
Your natural rate of healing is unusually fast.
You are covered in fur. (AC +1)
You have tough skin. (AC +1)


Message History

The white imp shouts, "Escape, thou hateful fat-kidneyed cross-patch!"
You claw the white imp!
You kill the white imp!
Qazlal accepts your kill. You block the adder zombie's attack.
GONNNNG!
Your Fighting skill increases to level 4!
You barely miss the adder zombie. You block the adder zombie's attack.
GONNNNG!
You claw the adder zombie!
The adder zombie is almost destroyed.
You block the adder zombie's attack.
BOUMMMMG!
You mangle the adder zombie!!
You destroy the adder zombie!
Qazlal accepts your kill.
No target in view!
No target in view!
No target in view!
Unknown command.
No target in view!
You pick up a manual of Armour and begin studying.
You see here a +0 shortbow of draining.
There is a transporter here.
You start resting.
Magic restored.
Welcome to arena 2.
You enter the transporter and appear at another place.
A deep elf annihilator, a deep elf knight and a +2 war axe of electrocution come into view.
The deep elf annihilator shouts!
Found three items.
Found a transporter.
Okay, then.
The deep elf knight gestures wildly while chanting.
The deep elf knight seems to speed up.
The +2 war axe of electrocution hits you.
The +2 war axe of electrocution hits you!
The deep elf annihilator gestures at you while chanting.
The iron shot hits you!!!
Ouch! That really hurt!
You die...

▓▓▓▓▓▓▓▓▓▓▓▓▓
▓.8©8.▓.8©8.▓
▓.))).▓.....▓
▓.....▓...).▓
▓.(ee.▓.....▓
▓..@..▓.....▓
▓.....▓..©..▓
▓..©..▓▓▓▓▓▓▓
▓▓▓▓▓▓▓


You could see a deep elf annihilator, a deep elf knight (fast) and a +2 war axe
of electrocution.

Vanquished Creatures
  A white imp (D)
  An adder zombie (D)
2 creatures vanquished.

Notes
Turn   | Place    | Note
-------+----------+-------------------------------------------
     0 | D        | testman the Troll Fighter began the quest for the Orb.
     0 | D        | Reached XP level 1. HP: 22/22 MP: 0/0
    12 | D        | Found a blossoming altar of Fedhas.
    12 | D        | Found the +6 Majin-Bo {spellvamp, MP+6 Int+6}
    12 | D        | Found the +27 heavy crossbow "Sniper" {heavy, Acc+∞ SInv}
    12 | D        | Found the +10 dark maul {heavy}
    12 | D        | Found the +15 Maxwell's patent armour {-Cast -Tele rElec
                  | Will+ rCorr}
    12 | D        | Found the +18 shield of the Gong {Loud rN+ Will+ rCorr
                  | EV-5}
    12 | D        | Found the +16 obsidian axe {drain, demonic, Mesm Drain Fly
                  | SInv}
    12 | D        | Found the +7 great mace "Firestarter" {flame, inner flame,
                  | rFlCloud rF++}
    12 | D        | Found the +6 shillelagh "Devastator" {shatter}
    12 | D        | Found the +11 plutonium sword {Contam Stlth-}
    12 | D        | Found the +8 lance "Wyrmbane" {slay drac, rPois rF+ rC+
                  | AC+3}
    12 | D        | Found the +9 sword of Zonguldrok {reap}
    12 | D        | Found the +13 scythe of Curses {drain, curses, Drain}
    12 | D        | Found the +9 sword of Power {lifebolt}
    12 | D        | Found the +7 mace of Variability {chaos, chain chaos}
    12 | D        | Found the +11 Singing Sword {sonic wave}
    12 | D        | Found the +8 storm bow {elec, penet}
    15 | D        | Found a shimmering blue altar of Sif Muna.
    15 | D        | Found a sacrificial altar of Ru.
    15 | D        | Found a bloodstained altar of Trog.
    15 | D        | Found a stormy altar of Qazlal.
    15 | D        | Found an iron altar of Okawaru.
    15 | D        | Found a sparkling altar of Nemelex Xobeh.
    17 | D        | Found a transporter.
    17 | D        | Found an ancient bone altar of Kikubaaqudgha.
    17 | D        | Found a viscous altar of Jiyva.
    17 | D        | Found a corrupted altar of Lugonu.
    17 | D        | Found a hazy altar of Hepliaklqana.
    17 | D        | Found a burning altar of Makhleb.
    17 | D        | Found an opulent altar of Gozag.
    48 | D        | Became a worshipper of Qazlal Stormbringer
    61 | D        | Reached XP level 2. HP: 32/32 MP: 0/3
    62 | D        | Entered arena 2.
    62 | D        | Found a transporter.
    99 | D        | Entered arena 3.
    99 | D        | Noticed a deep elf annihilator
    99 | D        | Noticed a deep elf knight
    99 | D        | Noticed a +2 war axe of electrocution
    99 | D        | Found a transporter.
   101 | D        | Killed from afar by a deep elf annihilator

Illustrated notes

Levels and vault maps discovered:
D:        sprint_v [room_start, room_1, room_2, room_3, room_4, room_5, room_6,
          room_7, room_8, room_9, room_10, room_11, room_12, room_13, room_14,
          room_15, room_16, room_17, room_18, room_19, room_20, room_21,
          room_22, room_23, room_24, room_25, room_26, room_27]

Skill      XL: |  1  2 |
---------------+-------+-----
Fighting       | 3 4 |  4.0
Shields        | 4 |  4.4
Unarmed Combat | 4 |  4.2
Invocations    | 3 |  3.2
Dodging        | |  2.5

Action                     || total
---------------------------++-------
  Melee: Unarmed           ||     4
    Use: Potion            ||     1
 Armour: Gold dragon scale ||     1
  Block: Kite shield       ||     4

Table legend: (Time is in decaauts)
 A = Elapsed time spent in this place.
 B = Non-inter-level travel time spent in this place.
 C = Inter-level travel time spent in this place.
 D = Time resting spent in this place.
 E = Time spent auto-exploring this place.
 F = Levels seen in this place.
 G = Mean time per level.
                   A        B        C        D        E       F      G
               +--------+--------+--------+--------+--------+-----+--------+
         Total |    100 |     69 |     31 |     24 |      0 |   1 |  100.0 |
       Dungeon |    100 |     69 |     31 |     24 |      0 |   1 |  100.0 |
               +--------+--------+--------+--------+--------+-----+--------+

Top non-repeatable levels by time:
       D: 100 daAuts
